 Dungeon Crawl Stone Soup version 0.31-a0-1467-g53b6572822 (webtiles) character file.

Game seed: 12673499477316151860

1668 senseless the Trooper (level 9, -3/96 HPs)
             Began as an Oni Warper on Dec 28, 2023.
             Was a Believer of Ashenzari.
             Splashed by a jelly's acid (8 damage)
             ... on level 5 of the Dungeon.
             The game lasted 00:13:15 (5705 turns).

senseless the Trooper (Oni Warper)                  Turns: 5705, Time: 00:13:16

Health: -3/96      AC: -5    Str: 21    XL:     9   Next: 1%
Magic:  0/19       EV: 11    Int: 14    God:    Ashenzari [**....]
Gold:   228        SH:  0    Dex:  8    Spells: 20/22 levels left

rFire   . . .        D - +1 giant spiked club
rCold   . . .        (shield currently unavailable)
rNeg    + . .        b - +0 robe of the Mantic Bitterness {Elem, Cun} (curse)
rPois   +            (helmet restricted)
rElec   .            (no cloak)
rCorr   .            (gloves unavailable)
SInv    +            (boots unavailable)
Will    .....        s - amulet of Curses and Power {Spirit, Fort, Self} (curse)
Stlth   +            x - ring of the Oracular Disgust {rN+, Bglg, Self} (curse)
HPRegen 0.36/turn    y - ring of poison resistance
MPRegen 0.16/turn

%: guardian spirit
@: corroded
A: large, unfitting armour, horns 1, tough skin 1, double potion healing,
drunken brawling
a: Renounce Religion, Shatter the Chains


You were on level 5 of the Dungeon.
You worshipped Ashenzari.
Ashenzari was pleased with you.
You visited 1 branch of the dungeon, and saw 5 of its levels.

You collected 228 gold pieces.

Inventory:

Hand Weapons
 a - a +0 mace
 o - a +3 spear
 D - a +1 giant spiked club (weapon)
Missiles
 d - 4 darts of dispersal (quivered)
 l - 3 datura-tipped darts
 p - 2 atropa-tipped darts
 t - a throwing net
Armour
 b - the cursed +0 robe of the Mantic Bitterness (worn) {Elem, Cun}

   It has a curse which improves the following skills: Elements: Fire Magic, Ice
   Magic, Air Magic and Earth Magic.
   Cunning:   Dodging and Stealth.
Jewellery
 f - an amulet of reflection
 s - the cursed amulet of Curses and Power (around neck) {Spirit, Fort, Self}
   (You found it on level 3 of the Dungeon)

   [amulet of guardian spirit]

   Spirit:    It causes incoming damage to be divided between your reserves of
   health and magic.
   It has a curse which improves the following skills: Fortitude: Armour and
   Shields.
   Introspection: Fighting and Spellcasting.
 x - the cursed ring of the Oracular Disgust (left hand) {rN+, Bglg, Self}
   (You took it off a goblin on level 3 of the Dungeon)

   [ring of positive energy]

   rN+:       It protects you from negative energy.
   It has a curse which improves the following skills: Beguiling: Hexes and
   Translocations.
   Introspection: Fighting and Spellcasting.
 y - a ring of poison resistance (right hand)
 z - a ring of fire
Wands
 i - a wand of iceblast (5)
Scrolls
 c - a scroll of blinking
 e - 2 scrolls of poison
 k - a scroll of vulnerability
 n - 3 scrolls of identify
 q - a scroll of revelation
 r - 2 scrolls of immolation
 u - 2 scrolls of fear
 A - a scroll of torment
Potions
 g - 2 potions of resistance
 h - a potion of attraction
 m - 3 potions of haste
 w - a potion of brilliance
 B - 2 potions of mutation


   Skills:
 + Level 6.4(8.2) Fighting
 + Level 4.9 Maces & Flails
 + Level 4.5 Throwing
 + Level 4.7(5.8) Dodging
 + Level 5.3(7.0) Spellcasting
 + Level 4.8(5.9) Translocations


You had 20 spell levels left.
You knew the following spells:

 Your Spells              Type           Power      Damage    Failure   Level
a - Blink                 Tloc           42%        N/A       1%          2

Your spell library contained the following spells:

 Spells                   Type           Power      Damage    Failure   Level
 Lesser Beckoning         Tloc           42%        N/A       1%          2
 Teleport Other           Tloc           21%        N/A       3%          3
 Manifold Assault         Tloc           21%        N/A       12%         4
 Necrotise                Necr           16%        1d4       14%         1
 Ensorcelled Hibernation  Hex/Ice        10%        N/A       21%         2
 Dazzling Flash           Conj/Hex       10%        N/A       38%         3
 Fugue of the Fallen      Necr           4%         N/A       38%         3
 Mephitic Cloud           Conj/Alch/Air  5%         N/A       38%         3
 Vampiric Draining        Necr           4%         2d6       38%         3
 Vhi's Electric Charge    Tloc/Air       26%        N/A       38%         4
 Anguish                  Hex/Necr       2%         N/A       80%         4
 Martyr's Knell           Necr/Summ      4%         N/A       80%         4
 Curse of Agony           Necr           4%         N/A       98%         5
 Silence                  Hex/Air        2%         N/A       98%         5


Dungeon Overview and Level Annotations

Branches:
Dungeon (5/15)
 Temple: D:4-7

Altars:
Ashenzari
Cheibriados
Gozag
Qazlal
Uskayaw
Zin


Innate Abilities, Weirdness & Mutations

You are too large for most types of armour.
You have a pair of small horns on your head.
You have tough skin. (AC +1)
You gain doubled healing and magic from potions.
Whenever you drink a healing potion, you attack all around you.


Message History

You feel your attacks grow feeble.
A jelly comes into view.
The jelly quivers.
Items here: )) [ †.
You hit the gnoll bouda but do no damage.
Your attacks no longer feel as feeble.
The gnoll bouda hits you with a +0 whip!
The jelly hits you. The acid corrodes you!
You are splashed with acid!
You hit the gnoll bouda but do no damage.
The gnoll bouda gazes fiercely through you!
You feel your attacks grow feeble.
The gnoll bouda hits you with a +0 whip.
The jelly hits you. The acid corrodes you!
You are splashed with acid!
The jelly barely misses you.
The gnoll bouda hits you with a +0 whip!
The jelly attacks as it pursues you! The jelly hits you.
You are splashed with acid!
You barely miss the gnoll bouda.
You headbutt the gnoll bouda, but do no damage.
The gnoll bouda barely misses you. The jelly hits you.
You are splashed with acid!
The gnoll bouda closely misses you. The jelly hits you.
You are splashed with acid!
Your attacks no longer feel as feeble.
The gnoll bouda attacks as it pursues you!
The gnoll bouda hits you with a +0 whip!
* * * LOW HITPOINT WARNING * * *
Items here: )) [ †.
You barely miss the gnoll bouda.
The gnoll bouda hits you with a +0 whip!
* * * LOW HITPOINT WARNING * * *
The jelly closely misses you.
You barely miss the jelly.
The gnoll bouda hits you with a +0 whip.
* * * LOW HITPOINT WARNING * * *
The jelly hits you.
You are splashed with acid!
* * * LOW HITPOINT WARNING * * *
The gnoll bouda barely misses you. The jelly hits you.
* * * LOW HITPOINT WARNING * * *
You are splashed with acid!
You die...

..# ......≈.# #.#
##.≈.≈≈§≈§.≈.# #.#
.
.≈.≈...≈.≈.######.#
.
.≈.≈.§.≈.≈...)..#.#
.
.≈.≈...§.≈..###.#.#
. .≈.≈≈.≈≈.≈..#
#.#.# .≈.......≈..#
#.#.# .≈≈≈≈≈.≈J≈.##
#.#.# ........g@.#
#.#.# #####..#####
#.#.# ##. #.#.# #.
##.#.# #. #..#.# #.
#.##)# #. #.##.# #.
#.##.# #....#


You could see a gnoll bouda and a jelly.

Vanquished Creatures
  Sigmund (D:3)
  4 yaks (D:5)
  Duvessa (D:5)
  2 ogres (D:5)
  A phantom (D:5)
  Dowan (D:5)
  A howler monkey (D:5)
  A gnoll bouda (D:4)
  Terence (D:3)
  Natasha (thrice) (D:3)
  4 iguanas
  14 gnolls
  5 adders
  2 dart slugs
  3 orcs (D:4)
  4 bats
  8 endoplasms
  6 giant cockroaches
  11 goblins
  4 hobgoblins
  8 jackals (D:3)
  8 kobolds
  4 quokkas
  6 ball pythons
  2 frilled lizards
  3 rats
108 creatures vanquished.

Notes
Turn   | Place    | Note
-------+----------+-------------------------------------------
     0 | D:1      | senseless the Oni Warper began the quest for the Orb.
     0 | D:1      | Reached XP level 1. HP: 22/22 MP: 3/3
    81 | D:1      | Reached XP level 2. HP: 18/29 MP: 3/5
   352 | D:1      | Reached skill level 3 in Fighting
   451 | D:1      | Reached XP level 3. HP: 37/37 MP: 6/6
  1049 | D:2      | You fall into a shaft and drop 2 floors!
  1080 | D:3      | Noticed Natasha
  1088 | D:3      | Killed Natasha
  1089 | D:3      | Reached XP level 4. HP: 38/45 MP: 8/8
  1138 | D:3      | Noticed Terence
  1152 | D:3      | Killed Terence
  1430 | D:3      | Learned a level 2 spell: Blink
  1600 | D:2      | Reached XP level 5. HP: 53/53 MP: 9/9
  2065 | D:3      | Noticed Sigmund
  2243 | D:3      | Killed Sigmund
  2244 | D:3      | Reached skill level 4 in Fighting
  2244 | D:3      | Reached XP level 6. HP: 33/62 MP: 4/11
  2337 | D:3      | Noticed Natasha
  2348 | D:3      | Killed Natasha
  2406 | D:3      | Noticed Natasha
  2439 | D:3      | Killed Natasha
  2577 | D:3      | Found a faded altar of an unknown god.
  2649 | D:3      | Found a hide-covered altar of Uskayaw.
  2654 | D:3      | Prayed at the altar of an unknown god.
  2654 | D:3      | Became a worshipper of Ashenzari the Shackled
  3196 | D:4      | HP: 3/65 [gnoll/+0 whip (7)]
  3437 | D:4      | Found a stormy altar of Qazlal.
  3504 | D:4      | Reached XP level 7. HP: 27/71 MP: 5/13
  3709 | D:4      | Found an opulent altar of Gozag.
  3710 | D:4      | Reached * piety under Ashenzari
  4216 | D:4      | Found a snail-covered altar of Cheibriados.
  4307 | D:5      | Entered Level 5 of the Dungeon
  4506 | D:5      | Reached skill level 5 in Fighting
  5003 | D:5      | Noticed Dowan
  5003 | D:5      | Noticed Duvessa
  5013 | D:5      | Reached ** piety under Ashenzari
  5017 | D:5      | Killed Duvessa
  5018 | D:5      | Reached XP level 8. HP: 58/87 MP: 12/17
  5052 | D:5      | Killed Dowan
  5338 | D:5      | Noticed a yak
  5338 | D:5      | Noticed a yak
  5338 | D:5      | Noticed a yak
  5338 | D:5      | Noticed a yak
  5342 | D:5      | Killed a yak
  5360 | D:5      | HP: 4/87 [yak (6)]
  5365 | D:5      | Killed a yak
  5373 | D:5      | HP: 4/88 [yak (11)]
  5374 | D:5      | Killed a yak
  5375 | D:5      | Reached skill level 6 in Fighting
  5375 | D:5      | Reached skill level 5 in Spellcasting
  5379 | D:5      | Killed a yak
  5687 | D:5      | Reached XP level 9. HP: 96/96 MP: 19/19
  5688 | D:5      | Found a glowing silver altar of Zin.
  5705 | D:5      | Splashed by a jelly's acid

Illustrated notes

Levels and vault maps discovered:
D:1:      nicolae_arrival_memento_mori, layout_loops_ring
D:2:      layout_rooms, minmay_misc_feat_nine_boxes,
          nicolae_houndstooth_variations
D:3:      layout_loops_ring, nicolae_overflow_ecumenical_swirl, uniq_terence,
          uniq_sigmund, uniq_natasha
D:4:      layout_loops_ring, grunt_gozag_statues,
          mainiacjoe_overflow_cross_hatched, marbit_many_paths
D:5:      layout_basic, mainiacjoe_overflow_concentric_impassable, serial_shops,
          nicolae_shop_trees, uniq_duvessa

Skill      XL: |  1  2  3  4  5  6  7  8 |
---------------+-------------------------+-----
Fighting       | 3 4 5 6 |  6.4
Translocations | 3 4 |  4.8
Spellcasting   | 3 4 5 |  5.3
Throwing       | 2 3 4 |  4.5
Maces & Flails | 3 4 |  4.9
Dodging        | 3 4 |  4.7

Action                     |  1- 3 |  4- 6 |  7- 9 || total
---------------------------+-------+-------+-------++-------
  Melee: Mace              |    89 |       |       ||    89
         Headbutt          |    13 |    20 |    24 ||    57
         Spear             |    11 |   181 |    68 ||   260
         Punch             |       |     1 |     2 ||     3
         Giant spiked club |       |       |    89 ||    89
  Throw: Dart              |       |     1 |     2 ||     3
 Invoke: Curse Item        |       |     1 |     2 ||     3
    Use: Scroll            |       |       |     2 ||     2
         Potion            |       |       |     6 ||     6
   Stab: Sleeping          |       |     1 |     1 ||     2
 Armour: Robe              |    79 |   147 |   136 ||   362
  Dodge: Dodged            |    63 |    96 |    94 ||   253

Table legend: (Time is in decaauts)
 A = Elapsed time spent in this place.
 B = Non-inter-level travel time spent in this place.
 C = Inter-level travel time spent in this place.
 D = Time resting spent in this place.
 E = Time spent auto-exploring this place.
 F = Levels seen in this place.
 G = Mean time per level.
                   A        B        C        D        E       F      G
               +--------+--------+--------+--------+--------+-----+--------+
         Total |   5822 |   5660 |    162 |    624 |   4036 |   5 | 1164.4 |
       Dungeon |   5822 |   5660 |    162 |    624 |   4036 |   5 | 1164.4 |
               +--------+--------+--------+--------+--------+-----+--------+

Top non-repeatable levels by time:
     D:3: 1545 daAuts
     D:5: 1456 daAuts
     D:4: 973 daAuts
     D:1: 931 daAuts
     D:2: 915 daAuts
